 Dungeon Crawl Stone Soup version 0.31-a0-986-g5e6e4ef867 (webtiles) character file.

Game seed: 14845354196470890972

669 wildpjah the Slasher (level 7, -7/53 HPs)
             Began as a Human Warper on Nov 20, 2023.
             Mangled by an ice beast (13 damage)
             ... on level 4 of the Dungeon.
             The game lasted 00:12:18 (2601 turns).

wildpjah the Slasher (Human Warper)                 Turns: 2601, Time: 00:12:19

Health: -7/53      AC:  7    Str: 11    XL:     7   Next: 89%
Magic:  10/10      EV: 13    Int: 13    God:
Gold:   141        SH:  0    Dex: 15    Spells: 10/10 levels left

rFire   . . .        a - +0 falchion
rCold   . . .        (no shield)
rNeg    . . .        b - +0 leather armour
rPois   .            (no helmet)
rElec   .            (no cloak)
rCorr   .            f - +2 pair of gloves
SInv    .            j - +0 pair of boots
Will    .....        (no amulet)
Stlth   +            (no ring)
HPRegen 0.28/turn    (no ring)
MPRegen 0.12/turn

%: no passive effects
@: no status effects
A: no striking features
a: no special abilities


You were on level 4 of the Dungeon.
You visited 1 branch of the dungeon, and saw 4 of its levels.

You collected 141 gold pieces.

Inventory:

Hand Weapons
 a - a +0 falchion (weapon)
Missiles
 d - 7 darts of dispersal
 i - 5 poisoned darts
 s - 3 atropa-tipped darts (quivered)
Armour
 b - a +0 leather armour (worn)
 f - a +2 pair of gloves (worn)
 j - a +0 pair of boots (worn)
Wands
 t - a wand of mindburst (16)
 v - a wand of polymorph (4)
Scrolls
 c - 2 scrolls of blinking
 e - 2 scrolls of identify
 g - a scroll of enchant armour {unknown}
 h - a scroll of torment
 m - a scroll of silence {unknown}
 u - a scroll of revelation {unknown}
Potions
 l - a potion of cancellation
 n - a potion of attraction {unknown}
 o - a potion of lignification {unknown}
 p - a potion of curing {unknown}
 q - a potion of haste {unknown}
 r - a potion of brilliance {unknown}


   Skills:
 + Level 3.7 Fighting
 + Level 5.8 Long Blades
 + Level 1.3 Throwing
 + Level 2.3 Armour
 + Level 3.8 Dodging
 + Level 0.8 Stealth
 + Level 2.0 Spellcasting
 + Level 3.4 Translocations


You had 10 spell levels left.
You didn't know any spells.
Your spell library contained the following spells:

 Spells                   Type           Power      Damage    Failure   Level
 Blink                    Tloc           20%        N/A       12%         2
 Lesser Beckoning         Tloc           20%        N/A       12%         2
 Momentum Strike          Conj/Tloc      10%        3d8       24%         2
 Teleport Other           Tloc           10%        N/A       24%         3
 Magic Dart               Conj           4%         1d3       32%         1
 Call Imp                 Summ           2%         N/A       45%         2
 Manifold Assault         Tloc           10%        N/A       63%         4
 Mephitic Cloud           Conj/Pois/Air  1%         N/A       69%         3
 Ozocubu's Armour         Ice            1%         N/A       69%         3
 Vhi's Electric Charge    Tloc/Air       10%        N/A       85%         4
 Metabolic Englaciation   Hex/Ice        0%         N/A       100%        5
 Simulacrum               Ice/Necr       0%         N/A       100%        6


Dungeon Overview and Level Annotations

Branches:
Dungeon (4/15)
 Temple: D:4-7

Altars:
Elyvilon

Shops:
D:1 ([


Message History

You kill the kobold!
Items here: (( )) ††.
Okay, then.
An ice beast comes into view.
You hit the ice beast.
The ice beast is lightly wounded.
The ice beast hits you but does no damage.
You completely miss the ice beast.
The ice beast is lightly wounded.
The ice beast hits you but does no damage.
You hit the ice beast but do no damage.
The ice beast is lightly wounded.
The ice beast closely misses you.
You hit the ice beast.
The ice beast is moderately wounded.
The ice beast closely misses you.
You closely miss the ice beast.
The ice beast is moderately wounded.
The ice beast hits you. The ice beast freezes you!
You closely miss the ice beast.
The ice beast is moderately wounded.
The ice beast hits you but does no damage.
You closely miss the ice beast.
The ice beast is moderately wounded.
The ice beast closely misses you.
You hit the ice beast.
The ice beast is moderately wounded.
The ice beast hits you. The ice beast freezes you!
You hit the ice beast but do no damage.
The ice beast is moderately wounded.
The ice beast hits you but does no damage.
You closely miss the ice beast.
The ice beast is moderately wounded.
The ice beast hits you. The ice beast freezes you!
* * * LOW HITPOINT WARNING * * *
It was a potion of cancellation.
You feel magically purged. The ice beast hits you.
* * * LOW HITPOINT WARNING * * *
The ice beast freezes you!
You die...

###..........
...
#...#....####
...
##............
....
##..###....####
..... ####...#
#....#
.....##....#)#
#....#
.........###.#
######
.........# #.#
.......@.# #.#
#......Y.# #.#
#.>......# #.#
#..|.....# #.#
##.[.....# #.#
#.#####.. #.#
#. ## #


You could see an ice beast.

Vanquished Creatures
  Grinder (D:3)
  A black bear (D:4)
  A scorpion (D:3)
  An orc priest (D:3)
  An orc wizard (D:3)
  Natasha (thrice) (D:3)
  8 adders
  A river rat (D:3)
  2 adder zombies (D:2)
  4 worms
  3 dart slugs
  4 orcs
  4 ball pythons
  A bat skeleton (D:2)
  7 endoplasms
  4 giant cockroaches
  15 goblins
  8 hobgoblins
  2 jackals (D:2)
  3 kobolds
  A quokka (D:1)
  A ball python skeleton (D:2)
  A ball python zombie (D:2)
  5 bats
  6 frilled lizards
  3 jackal skeletons (D:2)
  5 rats (D:1)
96 creatures vanquished.

Notes
Turn   | Place    | Note
-------+----------+-------------------------------------------
     0 | D:1      | wildpjah the Human Warper began the quest for the Orb.
     0 | D:1      | Reached XP level 1. HP: 16/16 MP: 3/3
   246 | D:1      | Reached XP level 2. HP: 21/22 MP: 5/5
   356 | D:1      | Found Halynats's Weapon Shoppe.
   430 | D:1      | Found Ubiadd's Armour Emporium.
   624 | D:1      | Reached XP level 3. HP: 24/27 MP: 6/6
   861 | D:2      | Reached XP level 4. HP: 33/33 MP: 7/7
   947 | D:2      | Reached skill level 3 in Long Blades
  1120 | D:2      | Reached XP level 5. HP: 39/39 MP: 8/8
  1376 | D:2      | Identified the +0 leather armour "Tufor" {Harm rPois rN+++
                  | Str-2}
  1396 | D:3      | Found a white marble altar of Elyvilon.
  1443 | D:3      | Noticed Grinder
  1446 | D:3      | Paralysed by Grinder for 3 turns
  1633 | D:3      | Reached skill level 4 in Long Blades
  1633 | D:3      | Reached XP level 6. HP: 11/46 MP: 9/9
  1864 | D:3      | Killed Grinder
  1865 | D:3      | Reached skill level 5 in Long Blades
  1865 | D:3      | Reached XP level 7. HP: 27/52 MP: 10/10
  2065 | D:3      | Noticed Natasha
  2083 | D:3      | Killed Natasha
  2099 | D:3      | Noticed Natasha
  2113 | D:3      | Killed Natasha
  2171 | D:3      | Noticed Natasha
  2180 | D:3      | Killed Natasha
  2601 | D:4      | Mangled by an ice beast

Illustrated notes

Levels and vault maps discovered:
D:1:      denvon_arrival_waterhouse, layout_basic, serial_shops, shop,
          nicolae_shop_rolling_square, minmay_pentomino_w4
D:2:      kennysheep_the_goblin_king, layout_rooms, serial_undead,
          serial_undead_b, serial_undead_a, serial_undead_d, serial_undead_f,
          serial_undead_d, serial_undead_a, grunt_ministairs_5,
          minmay_misc_feat_pillars
D:3:      layout_loops_ring, lemuel_tele_altar,
          mainiacjoe_sewer_entry_somewhere_in_here_2, uniq_natasha,
          uniq_jessica, uniq_grinder
D:4:      layout_basic, nemelex_dance_club_becter

Skill      XL: |  1  2  3  4  5  6 |
---------------+-------------------+-----
Long Blades    | 3 4 5 |  5.8
Armour         | 2 |  2.3
Dodging        | 3 |  3.8
Fighting       | 3 |  3.7
Throwing       | |  1.3
Stealth        | |  0.8
Spellcasting   | |  2.0
Translocations | |  3.4

Action                     |  1- 3 |  4- 6 |  7- 9 || total
---------------------------+-------+-------+-------++-------
  Melee: Falchion          |   107 |   166 |   131 ||   404
         Punch             |     2 |     1 |     1 ||     4
  Throw: Dart              |       |     5 |       ||     5
    Use: Scroll            |       |     4 |       ||     4
         Potion            |       |     4 |     1 ||     5
   Stab: Sleeping          |       |       |     1 ||     1
 Armour: Leather armour    |    59 |    89 |    86 ||   234
  Dodge: Dodged            |    87 |   120 |    75 ||   282

Table legend: (Time is in decaauts)
 A = Elapsed time spent in this place.
 B = Non-inter-level travel time spent in this place.
 C = Inter-level travel time spent in this place.
 D = Time resting spent in this place.
 E = Time spent auto-exploring this place.
 F = Levels seen in this place.
 G = Mean time per level.
                   A        B        C        D        E       F      G
               +--------+--------+--------+--------+--------+-----+--------+
         Total |   2670 |   2597 |     73 |    130 |   1561 |   4 |  667.5 |
       Dungeon |   2670 |   2597 |     73 |    130 |   1561 |   4 |  667.5 |
               +--------+--------+--------+--------+--------+-----+--------+

Top non-repeatable levels by time:
     D:3: 1139 daAuts
     D:1: 769 daAuts
     D:2: 660 daAuts
     D:4: 101 daAuts
